 Dungeon Crawl Stone Soup version 0.29-a0-876-gfc89b1a5bd (webtiles) character file.

Game seed: 13519373538209437160

115 greasedhog the Cudgeller (level 5, -4/32 HPs)
             Began as a Gargoyle Monk on July 19, 2022.
             Killed from afar by an orc wizard (5 damage)
             ... with a puff of flame
             ... on level 4 of the Dungeon.
             The game lasted 00:03:47 (3164 turns).

greasedhog the Cudgeller (Gargoyle Monk)            Turns: 3164, Time: 00:03:49

Health: -4/32      AC:  6    Str: 15    XL:     5   Next: 0%
Magic:  5/5        EV: 12    Int: 10    God:
Gold:   213        SH:  0    Dex: 14    Spells: 4/4 levels left

rFire   . . .      SeeInvis .   a - +0 mace
rCold   . . .      Faith    .   (no shield)
rNeg    + . .      Spirit   .   b - +0 robe
rPois   ∞          Reflect  .   (no helmet)
rElec   +          Harm     .   (no cloak)
rCorr   .          Rampage  .   (no gloves)
Will    .....                   (no boots)
Stlth   ++........              (no amulet)
HPRegen 0.10/turn               (no ring)
MPRegen 0.09/turn               (no ring)

@: no status effects
A: sickness immunity, AC +4, negative energy resistance 1, electricity
resistance, torment resistance 1, petrification resistance
a: no special abilities


You were on level 4 of the Dungeon.
You visited 1 branch of the dungeon, and saw 4 of its levels.

You collected 213 gold pieces.

Inventory:

Hand Weapons
 a - a +0 mace (weapon)
Missiles
 g - 2 boomerangs (quivered)
Armour
 b - a +0 robe (worn)
Wands
 m - a wand of quicksilver (11)
 q - a wand of paralysis (9)
Scrolls
 f - a scroll of summoning
 k - 3 scrolls of teleportation
 l - 2 scrolls of blinking
 o - 2 scrolls of silence
 p - a scroll of identify
Potions
 c - a potion of ambrosia
 d - a potion of flight {unknown}
 e - 2 potions of resistance {unknown}
 h - a potion of mutation {unknown}
 i - 2 potions of heal wounds {unknown}
 j - a potion of degeneration {unknown}
 n - 2 potions of curing {unknown}
 r - a potion of haste {unknown}
 s - a potion of might {unknown}


   Skills:
 - Level 3.2 Fighting
 * Level 5.5 Maces & Flails
 - Level 2.4 Dodging
 - Level 2.1 Stealth


You had 4 spell levels left.
You didn't know any spells.
Your spell library contained the following spells:

 Spells                   Type           Power      Damage    Failure   Level
 Summon Guardian Golem    Hex/Summ       0%         N/A       75%         3
 Orb of Destruction       Conj           0%         9d5       100%        7
 Spellforged Servitor     Conj/Summ      0%         N/A       100%        7


Dungeon Overview and Level Annotations

Branches:
Dungeon (4/15)             Temple (0/1) D:4

Altars:


Innate Abilities, Weirdness & Mutations

You are immune to sickness and miasma.
Your stone body is resilient. (AC +4)
You are immune to poison.
You resist negative energy. (rN+)
You are resistant to electric shocks. (rElec)
You are resistant to unholy torment.
You are immune to petrification.


Message History

The orc priest invokes the aid of Beogh against you.
You barely resist.
The orc priest hits you with a +0 hand axe.
You hit the orc priest.
You kill the orc priest!
The orc misses you.
You have reached level 5!
You barely miss the orc. The orc hits you but does no damage.
The orc barely misses you.
You hit the orc but do no damage. The orc barely misses you.
The orc wizard casts a spell.
The orc wizard flickers and vanishes!
Deactivating autopickup; reactivate with Ctrl-A.
The orc hits you but does no damage.
You hit the orc but do no damage. The orc hits you but does no damage. x2
You barely miss the orc. The orc hits you with a +0 whip.
* * * LOW HITPOINT WARNING * * *
The orc hits you but does no damage.
You hit the orc.
The orc is heavily wounded.
The orc hits you with a +0 whip.
* * * LOW HITPOINT WARNING * * *
The orc closely misses you.
Okay, then.
You closely miss the orc.
The orc is heavily wounded.
The orc barely misses you. The orc hits you but does no damage.
You barely miss the orc.
The orc is heavily wounded.
The orc barely misses you. The orc misses you.
The orc wizard casts a spell.
The orc wizard flickers and vanishes!
You hit the orc but do no damage.
The orc is heavily wounded.
The orc hits you but does no damage. The orc hits you with a +0 dagger.
* * * LOW HITPOINT WARNING * * *
You hear some strange, mumbled words.
A puff of flame appears from out of thin air!
The puff of flame hits you.
You die...

o... g....
o..>.
#.........
###o.⌠...⌠.
#o.ooo....
##{#... o.
#o)##.##.# #
#.#@#.#..# #.#
#.#o#.#.###...#
#........<....#
#.#.#.#.#######
#.#.#.#.#
#.#.>.#.#
..##.....
#.##.# .....#


You could see 3 orcs.

Vanquished Creatures
  An orc priest (D:4)
  An adder (D:2)
  2 worms (D:2)
  3 dart slugs
  An orc (D:4)
  6 ball pythons
  4 endoplasms (D:2)
  5 goblins
  8 hobgoblins
  7 jackals
  4 kobolds
  2 quokkas
  4 bats (D:1)
  A frilled lizard (D:1)
  12 rats
61 creatures vanquished.

Notes
Turn   | Place    | Note
-------+----------+-------------------------------------------
     0 | D:1      | greasedhog the Gargoyle Monk began the quest for the Orb.
     0 | D:1      | Reached XP level 1. HP: 14/14 MP: 1/1
   193 | D:1      | Reached XP level 2. HP: 19/19 MP: 2/2
   471 | D:1      | Reached skill level 4 in Maces & Flails
   543 | D:1      | Found a faded altar of an unknown god.
   551 | D:1      | Reached XP level 3. HP: 18/23 MP: 3/3
  1753 | D:2      | Reached XP level 4. HP: 16/28 MP: 4/4
  2202 | D:2      | Reached skill level 5 in Maces & Flails
  3144 | D:4      | Found a staircase to the Ecumenical Temple.
  3157 | D:4      | Reached XP level 5. HP: 10/32 MP: 5/5
  3164 | D:4      | HP: 1/32 [orc/+0 dagger (4)]
  3164 | D:4      | Killed from afar by an orc wizard

Illustrated notes

Levels and vault maps discovered:
D:1:      dpeg_arrival_three_smaller_balls, layout_rooms,
          dreamdust_ecumenical_altar_statues, minmay_rat_gold_closets
D:2:      minmay_general_purpose_star, layout_loops_ring
D:3:      layout_loops_ring
D:4:      layout_loops_cross, lemuel_blue_sif_altar,
          minmay_temple_entry_large_hall, serial_shops, shop,
          kennysheep_generic_room_7

Skill      XL: |  1  2  3  4 |
---------------+-------------+-----
Maces & Flails | 4 5 |  5.5
Fighting       | |  3.2
Dodging        | |  2.4
Stealth        | |  2.1

Action                   |  1- 3 |  4- 6 || total
-------------------------+-------+-------++-------
Melee: Mace              |   115 |    57 ||   172
       Punch             |     3 |       ||     3
  Use: Scroll            |     3 |     1 ||     4
 Stab: Sleeping          |     6 |     6 ||    12
Armor: Robe              |    31 |    19 ||    50
Dodge: Dodged            |    95 |    46 ||   141

Table legend: (Time is in decaauts)
 A = Elapsed time spent in this place.
 B = Non-inter-level travel time spent in this place.
 C = Inter-level travel time spent in this place.
 D = Time resting spent in this place.
 E = Time spent auto-exploring this place.
 F = Levels seen in this place.
 G = Mean time per level.
                   A        B        C        D        E       F      G
               +--------+--------+--------+--------+--------+-----+--------+
         Total |   3194 |   3115 |     79 |    183 |   2437 |   4 |  798.5 |
       Dungeon |   3194 |   3115 |     79 |    183 |   2437 |   4 |  798.5 |
               +--------+--------+--------+--------+--------+-----+--------+

Top non-repeatable levels by time:
     D:2: 1440 daAuts
     D:1: 1072 daAuts
     D:3: 650 daAuts
     D:4: 30 daAuts
